Arizona Coyotes vs San Jose Sharks
Created - Friday, August 29, 2025 at 07:22
Goals
|
| Arizona Coyotes |
1 |
1 |
0 |
2 |
| San Jose Sharks |
1 |
1 |
2 |
4 |
|
Shots
|
| Arizona Coyotes |
9 |
15 |
9 |
33 |
| San Jose Sharks |
12 |
12 |
14 |
38 |
|
1st period
1. Arizona Coyotes , Mason McTavish 11 (Mats Zuccarello 15) at 10:21 (PP)
2. San Jose Sharks , Adam Henrique 5 (Max Domi 10) at 14:45
Penalties :
Kevin Fiala (SJS) for Tripping (Minor) at 9:45
2nd period
3. Arizona Coyotes , Kiefer Sherwood 3 (Jared Spurgeon 7, Mason McTavish 12) at 7:53
4. San Jose Sharks , Kevin Fiala 12 (Carter Verhaeghe 11, Alexander Wennberg 12) at 11:41
Penalties :
Connor Murphy (SJS) for Cross-checking (Minor) at 3:06, Brayden McNabb (AZC) for Roughing (Double Minor) at 12:48
3rd period
5. San Jose Sharks , Josh Manson 2 (Max Domi 11, Jakub Dobes) at 12:58 (PP)
6. San Jose Sharks , Blake Lizotte 5 (Nicolas Hague 3, Mattias Samuelsson 7) at 16:06
Penalties :
Anthony DeAngelo (AZC) for Hooking (Minor) at 1:08, Tyler Bertuzzi (AZC) for Hooking (Minor) at 12:14, Connor Murphy (SJS) for Holding (Minor) at 13:47, Andrew Copp (SJS) for Roughing (Minor) at 17:05
Goalie Stats
Jacob Markstrom (AZC), 34 saves from 38 shots - (0.895), L, 2-4-1, 60:00 minutes
Jakub Dobes (SJS), 31 saves from 33 shots - (0.939), W, 9-4-3, 60:00 minutes
Players Stats for Arizona Coyotes
Player Name G A P +/- PIM S H SB GA TA FO MP PP MP PK MP
------------------------------------------------------------------------------------
Anthony DeAngelo 0 0 0 -1 2 2 0 2 0 0 0/0 15:53 0:00 1:36
Brayden McNabb 0 0 0 0 4 3 1 2 1 0 0/0 19:29 2:44 1:09
Brock McGinn 0 0 0 0 0 0 0 0 0 1 0/0 6:32 0:00 0:00
Charlie Coyle 0 0 0 -1 0 3 1 0 1 0 11/22 19:38 3:27 3:27
Erik Haula 0 0 0 -1 0 3 0 0 0 0 4/7 14:17 0:05 0:00
Jani Hakanpaa 0 0 0 -1 0 1 4 0 0 2 0/0 14:59 0:00 0:44
Jared Spurgeon 0 1 1 0 0 0 1 1 0 2 0/0 20:36 2:44 2:44
Johnathan Kovacevic 0 0 0 -1 0 1 3 1 0 1 0/0 24:35 3:49 3:24
Kiefer Sherwood 1 0 1 0 0 2 0 1 0 0 0/1 16:31 3:01 0:02
Mark Jankowski 0 0 0 0 0 0 0 0 0 0 0/1 6:32 0:00 0:00
Mason McTavish 1 1 2 0 0 1 1 0 1 0 7/13 17:28 3:01 1:18
Mats Zuccarello 0 1 1 0 0 1 0 1 0 0 0/0 18:02 3:01 2:10
Ondrej Palat 0 0 0 0 0 1 1 1 0 0 0/0 6:50 0:05 0:00
Radko Gudas 0 0 0 -1 0 0 1 3 0 0 0/0 24:14 3:49 3:32
Ross Colton 0 0 0 -1 0 0 0 0 1 1 0/1 15:04 0:00 0:56
Ryan Donato 0 0 0 -1 0 4 3 0 1 0 0/2 18:24 3:27 2:19
Tyler Bertuzzi 0 0 0 -1 2 5 1 0 3 0 0/1 14:33 0:05 0:00
Tyler Seguin 0 0 0 -1 0 6 1 0 1 0 0/1 19:38 3:27 3:27
Players Stats for San Jose Sharks
Player Name G A P +/- PIM S H SB GA TA FO MP PP MP PK MP
------------------------------------------------------------------------------------
Adam Henrique 1 0 1 0 0 5 1 0 1 2 6/13 19:09 3:11 3:02
Alexander Wennberg 0 1 1 1 0 3 2 0 0 0 10/18 19:15 2:50 2:55
Andre Burakovsky 0 0 0 0 0 2 1 1 1 0 1/1 15:37 2:47 0:00
Andrew Copp 0 0 0 0 2 1 3 0 2 1 5/8 12:57 0:44 0:00
Anthony Beauvillier 0 0 0 0 0 2 0 0 0 0 1/3 13:16 0:00 1:05
Blake Lizotte 1 0 1 1 0 3 1 0 1 0 0/0 8:35 0:26 0:00
Carter Verhaeghe 0 1 1 1 0 4 2 0 0 0 2/4 19:38 3:08 3:07
Connor Murphy 0 0 0 1 4 1 1 3 0 1 0/0 24:04 3:09 1:25
Ilya Mikheyev 0 0 0 0 0 2 1 0 1 0 0/0 13:11 0:59 0:11
Jordan Spence 0 0 0 0 0 1 0 1 0 0 0/0 12:28 0:00 0:00
Josh Manson 1 0 1 0 0 1 2 0 0 1 0/0 21:13 3:33 3:07
Kevin Fiala 1 0 1 1 2 6 1 2 1 0 0/0 19:43 3:14 2:46
Marcus Pettersson 0 0 0 0 0 1 0 0 0 1 0/0 21:13 3:33 3:07
Mattias Samuelsson 0 1 1 2 0 0 3 0 0 2 0/0 26:19 3:09 3:26
Max Domi 0 2 2 0 0 1 0 0 0 1 0/0 15:37 2:47 0:00
Nicolas Hague 0 1 1 1 0 1 1 2 0 0 0/0 14:50 0:00 2:01
Robby Fabbri 0 0 0 1 0 2 1 0 0 0 0/0 8:09 0:00 0:00
Travis Boyd 0 0 0 1 0 2 0 0 0 0 2/2 8:09 0:00 0:00
3 Stars
1 - Blake Lizotte (SJS)
2 - Mattias Samuelsson (SJS)
3 - Jakub Dobes (SJS)
Power Play
Arizona Coyotes - 1 on 4 Attempt(s) - 25.00%
San Jose Sharks - 1 on 4 Attempt(s) - 25.00%
Penalty Kill
Arizona Coyotes - 3 on 4 Attempt(s) - 75.00%
- Score 0 goal in Penalty Kill
San Jose Sharks - 3 on 4 Attempt(s) - 75.00%
- Score 0 goal in Penalty Kill
Team Stat
Arizona Coyotes - Hits : 18 - Faceoff Wins : 22 - Blocked Shots : 12 - Penalty Minutes : 8
San Jose Sharks - Hits : 20 - Faceoff Wins : 27 - Blocked Shots : 9 - Penalty Minutes : 8
Official
Referees : Tom Chmielewski and Justin Kea
Linesman : Mitchell Hunt and Steve Barton
Game Notes
7:53 of 2nd period - Arizona Coyotes goal is going for a video replay. After video review, Goal.
Finance
Level 1 -- Attendance: 3900 (65.00%) -- Ticket Income $487,500
Level 2 -- Attendance: 3250 (65.00%) -- Ticket Income $243,750
Level 3 -- Attendance: 1950 (65.00%) -- Ticket Income $97,500
Level 4 -- Attendance: 3250 (65.00%) -- Ticket Income $97,500
Luxury Box -- Attendance: 725 (72.50%) -- Ticket Income $145,000
Game was played at the SAP Center at San Jose.
Total Attendance: 13075 (65.38%)
Total Ticket Income: $1,071,250
Other Income: $374,938
Total Income: $1,446,188
Arizona Coyotes
5 vs 5 Forward
Center Left Wing Right Wing Time % Phy DF OF
1 Charlie Coyle Ryan Donato Tyler Seguin 33 0 1 4
2 Mason McTavish Mats Zuccarello Kiefer Sherwood 31 1 1 3
3 Erik Haula Tyler Bertuzzi Ross Colton 31 1 1 3
4 Mark Jankowski Ondrej Palat Brock McGinn 5 0 2 3
5 vs 5 Defense
Defense Defense Time % Phy DF OF
1 Radko Gudas Johnathan Kovacevic 40 1 2 2
2 Brayden McNabb Jared Spurgeon 30 1 2 2
3 Jani Hakanpaa Anthony DeAngelo 30 0 2 3
4 Radko Gudas Johnathan Kovacevic 0 1 2 2
PowerPlay Forward
Center Left Wing Right Wing Time % Phy DF OF
1 Charlie Coyle Ryan Donato Tyler Seguin 60 1 1 3
2 Mason McTavish Mats Zuccarello Kiefer Sherwood 40 1 1 3
PowerPlay Defense
Defense Defense Time % Phy DF OF
1 Radko Gudas Johnathan Kovacevic 55 1 2 2
2 Brayden McNabb Jared Spurgeon 45 1 2 2
Penalty Kill 4 Players Forward
Center Wing Time % Phy DF OF
1 Charlie Coyle Tyler Seguin 55 1 2 2
2 Ryan Donato Mats Zuccarello 45 1 2 2
Penalty Kill 4 Players Defense
Defense Defense Time % Phy DF OF
1 Radko Gudas Johnathan Kovacevic 50 1 2 2
2 Brayden McNabb Jared Spurgeon 50 1 2 2
Penalty Kill - 3 Players Forward
Forward Time % Phy DF OF
1 Charlie Coyle 50 1 2 2
2 Tyler Seguin 50 1 2 2
Penalty Kill - 3 Players Defense
Defense Defense Time % Phy DF OF
1 Anthony DeAngelo Jani Hakanpaa 50 1 2 2
2 Brayden McNabb Jared Spurgeon 50 1 2 2
4 vs 4 Forward
Center Wing Time % Phy DF OF
1 Charlie Coyle Tyler Seguin 50 1 2 2
2 Ryan Donato Mats Zuccarello 50 1 2 2
4 vs 4 Defense
Defense Defense Time % Phy DF OF
1 Radko Gudas Johnathan Kovacevic 50 1 2 2
2 Brayden McNabb Jared Spurgeon 50 1 2 2
Last Minutes Offensive
Center Left Wing Right Wing Defense Defense
Charlie Coyle Ryan Donato Tyler Seguin Radko Gudas Johnathan Kovacevic
Last Minutes Defensive
Center Left Wing Right Wing Defense Defense
Charlie Coyle Ryan Donato Tyler Seguin Radko Gudas Johnathan Kovacevic
Goaltenders
Starting : Jacob Markstrom
Backup : Elvis Merzlikins
Extra Forwards
Normal : Tyler Bertuzzi, Erik Haula, Ross Colton - PP : Tyler Bertuzzi, Erik Haula - PK : Ross Colton
Extra Defensemen
Normal : Jani Hakanpaa, Anthony DeAngelo, Brayden McNabb - PP : Jani Hakanpaa - PK : Anthony DeAngelo, Brayden McNabb
Penalty Shots
Charlie Coyle, Tyler Seguin, Ryan Donato, Mats Zuccarello, Mason McTavish
Scratches
Matt Dumba (Healthy), Maksymilian Szuber (Healthy), Corson Ceulemans (Healthy), Carter Hart (Healthy)
San Jose Sharks
5 vs 5 Forward
Center Left Wing Right Wing Time % Phy DF OF
1 Alexander Wennberg Kevin Fiala Carter Verhaeghe 30 1 2 2
2 Adam Henrique Max Domi Andre Burakovsky 30 1 2 2
3 Andrew Copp Anthony Beauvillier Ilya Mikheyev 25 1 2 2
4 Travis Boyd Robby Fabbri Blake Lizotte 15 1 2 2
5 vs 5 Defense
Defense Defense Time % Phy DF OF
1 Mattias Samuelsson Connor Murphy 30 1 2 2
2 Marcus Pettersson Josh Manson 30 1 2 2
3 Jordan Spence Nicolas Hague 25 1 2 2
4 Mattias Samuelsson Connor Murphy 15 1 2 2
PowerPlay Forward
Center Left Wing Right Wing Time % Phy DF OF
1 Carter Verhaeghe Kevin Fiala Adam Henrique 50 1 2 2
2 Alexander Wennberg Max Domi Andre Burakovsky 50 1 2 2
PowerPlay Defense
Defense Defense Time % Phy DF OF
1 Mattias Samuelsson Connor Murphy 50 1 2 2
2 Marcus Pettersson Josh Manson 50 1 2 2
Penalty Kill 4 Players Forward
Center Wing Time % Phy DF OF
1 Kevin Fiala Carter Verhaeghe 50 1 2 2
2 Alexander Wennberg Adam Henrique 50 1 2 2
Penalty Kill 4 Players Defense
Defense Defense Time % Phy DF OF
1 Mattias Samuelsson Connor Murphy 50 1 2 2
2 Marcus Pettersson Josh Manson 50 1 2 2
Penalty Kill - 3 Players Forward
Forward Time % Phy DF OF
1 Kevin Fiala 50 1 2 2
2 Carter Verhaeghe 50 1 2 2
Penalty Kill - 3 Players Defense
Defense Defense Time % Phy DF OF
1 Mattias Samuelsson Connor Murphy 50 1 2 2
2 Marcus Pettersson Josh Manson 50 1 2 2
4 vs 4 Forward
Center Wing Time % Phy DF OF
1 Kevin Fiala Carter Verhaeghe 50 1 2 2
2 Alexander Wennberg Adam Henrique 50 1 2 2
4 vs 4 Defense
Defense Defense Time % Phy DF OF
1 Mattias Samuelsson Connor Murphy 50 1 2 2
2 Marcus Pettersson Josh Manson 50 1 2 2
Last Minutes Offensive
Center Left Wing Right Wing Defense Defense
Carter Verhaeghe Kevin Fiala Adam Henrique Mattias Samuelsson Connor Murphy
Last Minutes Defensive
Center Left Wing Right Wing Defense Defense
Carter Verhaeghe Kevin Fiala Adam Henrique Mattias Samuelsson Connor Murphy
Goaltenders
Starting : Jakub Dobes
Backup : Tristan Jarry
Extra Forwards
Normal : Ilya Mikheyev, Andrew Copp, Anthony Beauvillier - PP : Ilya Mikheyev, Andrew Copp - PK : Anthony Beauvillier
Extra Defensemen
Normal : Jordan Spence, Nicolas Hague, Marcus Pettersson - PP : Jordan Spence - PK : Nicolas Hague, Marcus Pettersson
Penalty Shots
Kevin Fiala, Carter Verhaeghe, Alexander Wennberg, Adam Henrique, Max Domi
Scratches
Ryan Johansen (Healthy), Calle Jarnkrok (Healthy)
% Time on Ice - Arizona Coyotes
Lines # - Real PCT - Wanted PCT - Time Play
Normal Forward
1 - 30% - 33% - 14:13
2 - 27% - 31% - 12:36
3 - 29% - 31% - 13:24
4 - 14% - 5% - 6:32
Normal Defense
1 - 36% - 40% - 16:53
2 - 33% - 30% - 15:37
3 - 30% - 30% - 14:15
4 - 0% - 0% - 0:00
PP Forward
1 - 54% - 60% - 3:32
2 - 46% - 40% - 3:01
PP Defense
1 - 58% - 55% - 3:49
2 - 42% - 45% - 2:44
PK Forward
1 - 68% - 55% - 4:32
2 - 32% - 45% - 2:10
PK Defense
1 - 47% - 50% - 3:09
2 - 53% - 50% - 3:33
PK3 Forward
1 - 0% - 50%
2 - 0% - 50%
PK3 Defense
1 - 0% - 50%
2 - 0% - 50%
44 Forward
1 - 0% - 50%
2 - 0% - 50%
44 Defense
1 - 0% - 50%
2 - 0% - 50%
Last Minute Offensive - 0:00
Last Minute Defensive - 0:00
Total
Forward - 60:00
Defense - 60:00
|
% Time on Ice - San Jose Sharks
Lines # - Real PCT - Wanted PCT - Time Play
Normal Forward
1 - 31% - 30% - 14:21
2 - 27% - 30% - 12:51
3 - 24% - 25% - 11:24
4 - 17% - 15% - 8:09
Normal Defense
1 - 30% - 30% - 14:01
2 - 31% - 30% - 14:33
3 - 27% - 25% - 12:28
4 - 12% - 15% - 5:43
PP Forward
1 - 51% - 50% - 3:26
2 - 49% - 50% - 3:16
PP Defense
1 - 47% - 50% - 3:09
2 - 53% - 50% - 3:33
PK Forward
1 - 51% - 50% - 3:21
2 - 49% - 50% - 3:12
PK Defense
1 - 52% - 50% - 3:26
2 - 48% - 50% - 3:07
PK3 Forward
1 - 0% - 50%
2 - 0% - 50%
PK3 Defense
1 - 0% - 50%
2 - 0% - 50%
44 Forward
1 - 0% - 50%
2 - 0% - 50%
44 Defense
1 - 0% - 50%
2 - 0% - 50%
Last Minute Offensive - 0:00
Last Minute Defensive - 0:00
Total
Forward - 60:00
Defense - 60:00
|
Play-by-Play
1st period
0:01 of 1st period - Alexander Wennberg wins face-off versus Charlie Coyle in neutral zone.
0:27 of 1st period - Radko Gudas is hit by Andre Burakovsky and loses puck.
0:36 of 1st period - Slapshot by Johnathan Kovacevic.
0:36 of 1st period - Shot Blocked by Connor Murphy.
0:48 of 1st period - Snap shot by Erik Haula.
0:48 of 1st period - Shot Blocked by Connor Murphy.
0:56 of 1st period - Snap shot by Erik Haula.
0:56 of 1st period - Shot Misses the Net.
1:10 of 1st period - Jani Hakanpaa is hit by Mattias Samuelsson and loses puck.
1:31 of 1st period - Marcus Pettersson is hit by Charlie Coyle and loses puck.
1:44 of 1st period - Snap shot by Tyler Seguin.
1:44 of 1st period - Stopped by Jakub Dobes without a rebound.
1:45 of 1st period - Mason McTavish wins face-off versus Alexander Wennberg in San Jose Sharks zone.
2:12 of 1st period - Radko Gudas is hit by Nicolas Hague and loses puck.
2:33 of 1st period - Snap shot by Ryan Donato.
2:33 of 1st period - Deflect By Tyler Seguin.
2:33 of 1st period - Stopped by Jakub Dobes without a rebound.
2:34 of 1st period - Travis Boyd wins face-off versus Tyler Seguin in San Jose Sharks zone.
2:41 of 1st period - Snap shot by Travis Boyd.
2:41 of 1st period - Stopped by Jacob Markstrom with a rebound.
4:01 of 1st period - Slapshot by Robby Fabbri.
4:01 of 1st period - Shot Blocked by Jared Spurgeon.
4:21 of 1st period - Slapshot by Adam Henrique.
4:21 of 1st period - Deflect By Tyler Bertuzzi.
4:21 of 1st period - Stopped by Jacob Markstrom without a rebound.
4:22 of 1st period - Erik Haula wins face-off versus Adam Henrique in Arizona Coyotes zone.
4:22 of 1st period - Erik Haula is hit by Josh Manson.
4:34 of 1st period - Snap shot by Adam Henrique.
4:34 of 1st period - Shot Misses the Net.
4:54 of 1st period - Snap shot by Erik Haula.
4:54 of 1st period - Shot Misses the Net.
4:56 of 1st period - Backhand shot by Jared Spurgeon.
4:56 of 1st period - Shot Misses the Net.
4:58 of 1st period - Slapshot by Brayden McNabb.
4:58 of 1st period - Shot Blocked by Kevin Fiala.
5:00 of 1st period - Slapshot by Erik Haula.
5:00 of 1st period - Stopped by Jakub Dobes with a rebound.
5:02 of 1st period - Wrist shot by Brayden McNabb.
5:02 of 1st period - Stopped by Jakub Dobes without a rebound.
5:03 of 1st period - Andrew Copp wins face-off versus Mason McTavish in San Jose Sharks zone.
5:03 of 1st period - Andrew Copp is hit by Johnathan Kovacevic.
5:13 of 1st period - Snap shot by Ilya Mikheyev.
5:13 of 1st period - Shot Blocked by Radko Gudas.
5:15 of 1st period - Slapshot by Mattias Samuelsson.
5:15 of 1st period - Shot Blocked by Radko Gudas.
6:00 of 1st period - Snap shot by Mark Jankowski.
6:00 of 1st period - Shot Blocked by Connor Murphy.
6:23 of 1st period - Icing by Brayden McNabb.
6:24 of 1st period - Anthony Beauvillier wins face-off versus Ross Colton in Arizona Coyotes zone.
6:39 of 1st period - Snap shot by Tyler Bertuzzi.
6:39 of 1st period - Shot Misses the Net.
7:13 of 1st period - Wrist shot by Adam Henrique.
7:13 of 1st period - Stopped by Jacob Markstrom without a rebound.
7:14 of 1st period - Andrew Copp wins face-off versus Mason McTavish in Arizona Coyotes zone.
7:15 of 1st period - Snap shot by Ilya Mikheyev.
7:15 of 1st period - Stopped by Jacob Markstrom without a rebound.
7:16 of 1st period - Mason McTavish wins face-off versus Andrew Copp in Arizona Coyotes zone.
7:50 of 1st period - Snap shot by Charlie Coyle.
7:50 of 1st period - Stopped by Jakub Dobes with a rebound.
8:00 of 1st period - Wrist shot by Ilya Mikheyev.
8:00 of 1st period - Shot Blocked by Ondrej Palat.
8:02 of 1st period - Slapshot by Adam Henrique.
8:02 of 1st period - Shot Misses the Net.
8:04 of 1st period - Slapshot by Mattias Samuelsson.
8:04 of 1st period - Deflect By Andre Burakovsky.
8:04 of 1st period - Shot Blocked by Johnathan Kovacevic.
8:04 of 1st period - Puck is out of play.
8:05 of 1st period - Adam Henrique wins face-off versus Mason McTavish in Arizona Coyotes zone.
8:12 of 1st period - Snap shot by Andre Burakovsky.
8:12 of 1st period - Shot Blocked by Radko Gudas.
8:14 of 1st period - Snap shot by Adam Henrique.
8:14 of 1st period - Stopped by Jacob Markstrom with a rebound.
8:16 of 1st period - Wrist shot by Max Domi.
8:16 of 1st period - Deflect By Andre Burakovsky.
8:16 of 1st period - Shot Misses the Net.
8:16 of 1st period - Puck is out of play.
8:17 of 1st period - Charlie Coyle wins face-off versus Alexander Wennberg in Arizona Coyotes zone.
8:22 of 1st period - Snap shot by Ryan Donato.
8:22 of 1st period - Shot Misses the Net.
8:53 of 1st period - Jani Hakanpaa is hit by Mattias Samuelsson and loses puck.
9:26 of 1st period - Wrist shot by Tyler Bertuzzi.
9:26 of 1st period - Stopped by Jakub Dobes with a rebound.
9:45 of 1st period - Minor Penalty to Kevin Fiala for Tripping.
9:46 of 1st period - Charlie Coyle wins face-off versus Anthony Beauvillier in San Jose Sharks zone.
10:13 of 1st period - Icing by Mats Zuccarello.
10:14 of 1st period - Mason McTavish wins face-off versus Anthony Beauvillier in Arizona Coyotes zone.
10:21 of 1st period - Wrist shot by Mason McTavish.
10:21 of 1st period - Goal by Mason McTavish - Arizona Coyotes : 1 - San Jose Sharks : 0.
10:22 of 1st period - Alexander Wennberg wins face-off versus Charlie Coyle in neutral zone.
10:25 of 1st period - Wrist shot by Kevin Fiala.
10:25 of 1st period - Stopped by Jacob Markstrom without a rebound.
10:26 of 1st period - Alexander Wennberg wins face-off versus Charlie Coyle in Arizona Coyotes zone.
11:20 of 1st period - Snap shot by Andrew Copp.
11:20 of 1st period - Stopped by Jacob Markstrom without a rebound.
11:21 of 1st period - Charlie Coyle wins face-off versus Alexander Wennberg in Arizona Coyotes zone.
11:21 of 1st period - Charlie Coyle is hit by Mattias Samuelsson.
11:33 of 1st period - Wrist shot by Tyler Seguin.
11:33 of 1st period - Stopped by Jakub Dobes with a rebound.
12:30 of 1st period - Travis Boyd is hit by Jani Hakanpaa.
14:06 of 1st period - Mattias Samuelsson is hit by Radko Gudas and loses puck.
14:38 of 1st period - Kiefer Sherwood is hit by Connor Murphy and loses puck.
14:43 of 1st period - Wrist shot by Adam Henrique.
14:43 of 1st period - Shot Blocked by Brayden McNabb.
14:45 of 1st period - Snap shot by Adam Henrique.
14:45 of 1st period - Goal by Adam Henrique - Arizona Coyotes : 1 - San Jose Sharks : 1.
14:46 of 1st period - Adam Henrique wins face-off versus Ryan Donato in neutral zone.
15:57 of 1st period - Off-side.
15:58 of 1st period - Adam Henrique wins face-off versus Mason McTavish in neutral zone.
16:35 of 1st period - Snap shot by Robby Fabbri.
16:35 of 1st period - Shot Misses the Net.
16:47 of 1st period - Slapshot by Anthony Beauvillier.
16:47 of 1st period - Stopped by Jacob Markstrom with a rebound.
17:31 of 1st period - Slapshot by Adam Henrique.
17:31 of 1st period - Stopped by Jacob Markstrom without a rebound.
17:32 of 1st period - Andre Burakovsky wins face-off versus Erik Haula in Arizona Coyotes zone.
18:16 of 1st period - Jared Spurgeon is hit by Josh Manson.
18:42 of 1st period - Snap shot by Travis Boyd.
18:42 of 1st period - Stopped by Jacob Markstrom with a rebound.
18:44 of 1st period - Slapshot by Marcus Pettersson.
18:44 of 1st period - Shot Misses the Net.
18:46 of 1st period - Slapshot by Marcus Pettersson.
18:46 of 1st period - Stopped by Jacob Markstrom with a rebound.
18:48 of 1st period - Slapshot by Travis Boyd.
18:48 of 1st period - Shot Misses the Net.
19:00 of 1st period - Adam Henrique is hit by Ryan Donato and loses puck.
19:27 of 1st period - Slapshot by Tyler Seguin.
19:27 of 1st period - Stopped by Jakub Dobes without a rebound.
19:28 of 1st period - Adam Henrique wins face-off versus Mason McTavish in San Jose Sharks zone.
19:55 of 1st period - Erik Haula is hit by Carter Verhaeghe.
Goals for this period are 1 for Arizona Coyotes vs 1 for San Jose Sharks.
Shots for this period are 9 for Arizona Coyotes vs 12 for San Jose Sharks.
2nd period
0:01 of 2nd period - Alexander Wennberg wins face-off versus Charlie Coyle in neutral zone.
0:08 of 2nd period - Snap shot by Carter Verhaeghe.
0:08 of 2nd period - Stopped by Jacob Markstrom without a rebound.
0:09 of 2nd period - Alexander Wennberg wins face-off versus Charlie Coyle in Arizona Coyotes zone.
0:14 of 2nd period - Slapshot by Carter Verhaeghe.
0:14 of 2nd period - Stopped by Jacob Markstrom with a rebound.
0:24 of 2nd period - Slapshot by Tyler Seguin.
0:24 of 2nd period - Shot Misses the Net.
0:26 of 2nd period - Slapshot by Brayden McNabb.
0:26 of 2nd period - Stopped by Jakub Dobes with a rebound.
0:28 of 2nd period - Slapshot by Brayden McNabb.
0:28 of 2nd period - Shot Misses the Net.
0:30 of 2nd period - Slapshot by Ryan Donato.
0:30 of 2nd period - Stopped by Jakub Dobes with a rebound.
0:38 of 2nd period - Snap shot by Ryan Donato.
0:38 of 2nd period - Stopped by Jakub Dobes without a rebound.
0:39 of 2nd period - Mason McTavish wins face-off versus Adam Henrique in San Jose Sharks zone.
0:46 of 2nd period - Snap shot by Andre Burakovsky.
0:46 of 2nd period - Stopped by Jacob Markstrom with a rebound.
0:48 of 2nd period - Slapshot by Nicolas Hague.
0:48 of 2nd period - Shot Blocked by Anthony DeAngelo.
0:50 of 2nd period - Slapshot by Jordan Spence.
0:50 of 2nd period - Shot Blocked by Mats Zuccarello.
0:52 of 2nd period - Slapshot by Jordan Spence.
0:52 of 2nd period - Deflect By Mats Zuccarello.
0:52 of 2nd period - Stopped by Jacob Markstrom with a rebound.
0:54 of 2nd period - Snap shot by Andre Burakovsky.
0:54 of 2nd period - Shot Blocked by Kiefer Sherwood.
1:53 of 2nd period - Snap shot by Carter Verhaeghe.
1:53 of 2nd period - Stopped by Jacob Markstrom with a rebound.
1:55 of 2nd period - Snap shot by Alexander Wennberg.
1:55 of 2nd period - Stopped by Jacob Markstrom with a rebound.
1:57 of 2nd period - Wrist shot by Alexander Wennberg.
1:57 of 2nd period - Stopped by Jacob Markstrom with a rebound.
2:16 of 2nd period - Wrist shot by Max Domi.
2:16 of 2nd period - Stopped by Jacob Markstrom with a rebound.
2:32 of 2nd period - Snap shot by Tyler Bertuzzi.
2:32 of 2nd period - Stopped by Jakub Dobes without a rebound.
2:33 of 2nd period - Erik Haula wins face-off versus Andrew Copp in San Jose Sharks zone.
2:34 of 2nd period - Snap shot by Tyler Bertuzzi.
2:34 of 2nd period - Shot Misses the Net.
2:36 of 2nd period - Snap shot by Erik Haula.
2:36 of 2nd period - Shot Misses the Net.
2:38 of 2nd period - Wrist shot by Anthony DeAngelo.
2:38 of 2nd period - Stopped by Jakub Dobes with a rebound.
2:40 of 2nd period - Slapshot by Jani Hakanpaa.
2:40 of 2nd period - Stopped by Jakub Dobes with a rebound.
2:42 of 2nd period - Slapshot by Jani Hakanpaa.
2:42 of 2nd period - Shot Blocked by Nicolas Hague.
2:50 of 2nd period - Backhand shot by Ross Colton.
2:50 of 2nd period - Shot Misses the Net.
2:52 of 2nd period - Snap shot by Erik Haula.
2:52 of 2nd period - Stopped by Jakub Dobes with a rebound.
2:54 of 2nd period - Snap shot by Tyler Bertuzzi.
2:54 of 2nd period - Shot Blocked by Jordan Spence.
2:56 of 2nd period - Slapshot by Anthony DeAngelo.
2:56 of 2nd period - Stopped by Jakub Dobes without a rebound.
2:57 of 2nd period - Mason McTavish wins face-off versus Adam Henrique in San Jose Sharks zone.
2:58 of 2nd period - Slapshot by Mats Zuccarello.
2:58 of 2nd period - Shot Misses the Net.
3:06 of 2nd period - Minor Penalty to Connor Murphy for Cross-checking.
3:07 of 2nd period - Alexander Wennberg wins face-off versus Charlie Coyle in San Jose Sharks zone.
3:17 of 2nd period - Wrist shot by Charlie Coyle.
3:17 of 2nd period - Stopped by Jakub Dobes with a rebound.
3:19 of 2nd period - Wrist shot by Charlie Coyle.
3:19 of 2nd period - Shot Blocked by Kevin Fiala.
3:21 of 2nd period - Wrist shot by Johnathan Kovacevic.
3:21 of 2nd period - Stopped by Jakub Dobes with a rebound.
5:06 of 2nd period - Penalty to Connor Murphy is over, Connor Murphy is back on ice.
5:06 of 2nd period - Snap shot by Erik Haula.
5:06 of 2nd period - Stopped by Jakub Dobes without a rebound.
5:07 of 2nd period - Travis Boyd wins face-off versus Tyler Bertuzzi in San Jose Sharks zone.
5:18 of 2nd period - Snap shot by Tyler Bertuzzi.
5:18 of 2nd period - Stopped by Jakub Dobes without a rebound.
5:19 of 2nd period - Alexander Wennberg wins face-off versus Erik Haula in San Jose Sharks zone.
5:44 of 2nd period - Kiefer Sherwood is hit by Ilya Mikheyev and loses puck.
5:53 of 2nd period - Johnathan Kovacevic is hit by Andrew Copp and loses puck.
6:28 of 2nd period - Wrist shot by Ilya Mikheyev.
6:28 of 2nd period - Shot Misses the Net.
6:50 of 2nd period - Slapshot by Robby Fabbri.
6:50 of 2nd period - Shot Misses the Net.
7:00 of 2nd period - Backhand shot by Blake Lizotte.
7:00 of 2nd period - Shot Misses the Net.
7:02 of 2nd period - Slapshot by Travis Boyd.
7:02 of 2nd period - Shot Misses the Net.
7:25 of 2nd period - Icing by Mason McTavish.
7:26 of 2nd period - Mason McTavish wins face-off versus Adam Henrique in Arizona Coyotes zone.
7:43 of 2nd period - Wrist shot by Mason McTavish.
7:43 of 2nd period - Shot Misses the Net.
7:45 of 2nd period - Wrist shot by Kiefer Sherwood.
7:45 of 2nd period - Stopped by Jakub Dobes with a rebound.
7:47 of 2nd period - Wrist shot by Mats Zuccarello.
7:47 of 2nd period - Stopped by Jakub Dobes with a rebound.
7:49 of 2nd period - Wrist shot by Mason McTavish.
7:49 of 2nd period - Shot Blocked by Nicolas Hague.
7:51 of 2nd period - Snap shot by Jared Spurgeon.
7:51 of 2nd period - Shot Blocked by Andre Burakovsky.
7:53 of 2nd period - Slapshot by Kiefer Sherwood.
7:53 of 2nd period - Arizona Coyotes goal is going for a video replay.
7:53 of 2nd period - The goal is good.
7:53 of 2nd period - Goal by Kiefer Sherwood - Arizona Coyotes : 2 - San Jose Sharks : 1.
7:54 of 2nd period - Alexander Wennberg wins face-off versus Charlie Coyle in neutral zone.
7:59 of 2nd period - Mattias Samuelsson is hit by Johnathan Kovacevic.
8:13 of 2nd period - Johnathan Kovacevic is hit by Carter Verhaeghe and loses puck.
9:31 of 2nd period - Snap shot by Alexander Wennberg.
9:31 of 2nd period - Stopped by Jacob Markstrom with a rebound.
9:33 of 2nd period - Snap shot by Kevin Fiala.
9:33 of 2nd period - Stopped by Jacob Markstrom with a rebound.
9:35 of 2nd period - Slapshot by Nicolas Hague.
9:35 of 2nd period - Shot Misses the Net.
9:37 of 2nd period - Slapshot by Nicolas Hague.
9:37 of 2nd period - Shot Blocked by Anthony DeAngelo.
10:26 of 2nd period - Brock McGinn is hit by Blake Lizotte and loses puck.
10:52 of 2nd period - Marcus Pettersson is hit by Jani Hakanpaa and loses puck.
10:57 of 2nd period - Snap shot by Tyler Seguin.
10:57 of 2nd period - Shot Misses the Net.
11:11 of 2nd period - Off-side.
11:12 of 2nd period - Erik Haula wins face-off versus Adam Henrique in neutral zone.
11:37 of 2nd period - Snap shot by Max Domi.
11:37 of 2nd period - Deflect By Adam Henrique.
11:37 of 2nd period - Shot Misses the Net.
11:37 of 2nd period - Puck is out of play.
11:38 of 2nd period - Alexander Wennberg wins face-off versus Charlie Coyle in Arizona Coyotes zone.
11:41 of 2nd period - Snap shot by Kevin Fiala.
11:41 of 2nd period - Goal by Kevin Fiala - Arizona Coyotes : 2 - San Jose Sharks : 2.
11:42 of 2nd period - Charlie Coyle wins face-off versus Alexander Wennberg in neutral zone.
11:51 of 2nd period - Mattias Samuelsson is hit by Ryan Donato and loses puck.
12:48 of 2nd period - Double Minor Penalty to Brayden McNabb for Roughing.
12:49 of 2nd period - Charlie Coyle wins face-off versus Alexander Wennberg in Arizona Coyotes zone.
13:25 of 2nd period - Slapshot by Connor Murphy.
13:25 of 2nd period - Deflect By Mats Zuccarello.
13:25 of 2nd period - Stopped by Jacob Markstrom without a rebound.
13:26 of 2nd period - Charlie Coyle wins face-off versus Carter Verhaeghe in Arizona Coyotes zone.
16:48 of 2nd period - Penalty to Brayden McNabb is over, Brayden McNabb is back on ice.
17:28 of 2nd period - Blake Lizotte is hit by Ondrej Palat and loses puck.
17:35 of 2nd period - Travis Boyd is hit by Jani Hakanpaa and loses puck.
18:17 of 2nd period - Erik Haula is hit by Kevin Fiala and loses puck.
19:29 of 2nd period - Mattias Samuelsson is hit by Jani Hakanpaa and loses puck.
19:57 of 2nd period - Jordan Spence is hit by Tyler Bertuzzi and loses puck.
Goals for this period are 1 for Arizona Coyotes vs 1 for San Jose Sharks.
Shots for this period are 15 for Arizona Coyotes vs 12 for San Jose Sharks.
3rd period
0:01 of 3rd period - Charlie Coyle wins face-off versus Adam Henrique in neutral zone.
0:26 of 3rd period - Mats Zuccarello is hit by Alexander Wennberg and loses puck.
0:55 of 3rd period - Wrist shot by Ilya Mikheyev.
0:55 of 3rd period - Stopped by Jacob Markstrom with a rebound.
0:57 of 3rd period - Snap shot by Ilya Mikheyev.
0:57 of 3rd period - Shot Misses the Net.
1:08 of 3rd period - Minor Penalty to Anthony DeAngelo for Hooking.
1:09 of 3rd period - Carter Verhaeghe wins face-off versus Charlie Coyle in Arizona Coyotes zone.
1:25 of 3rd period - Charlie Coyle is hit by Adam Henrique and loses puck.
3:08 of 3rd period - Penalty to Anthony DeAngelo is over, Anthony DeAngelo is back on ice.
3:09 of 3rd period - Tyler Seguin is hit by Andrew Copp and loses puck.
3:24 of 3rd period - Snap shot by Charlie Coyle.
3:24 of 3rd period - Stopped by Jakub Dobes with a rebound.
3:26 of 3rd period - Snap shot by Tyler Bertuzzi.
3:26 of 3rd period - Stopped by Jakub Dobes with a rebound.
3:30 of 3rd period - Wrist shot by Tyler Seguin.
3:30 of 3rd period - Stopped by Jakub Dobes without a rebound.
3:31 of 3rd period - Andrew Copp wins face-off versus Mason McTavish in San Jose Sharks zone.
4:34 of 3rd period - Icing by Brayden McNabb.
4:35 of 3rd period - Adam Henrique wins face-off versus Mark Jankowski in Arizona Coyotes zone.
4:50 of 3rd period - Slapshot by Brayden McNabb.
4:50 of 3rd period - Stopped by Jakub Dobes without a rebound.
4:51 of 3rd period - Alexander Wennberg wins face-off versus Kiefer Sherwood in San Jose Sharks zone.
6:10 of 3rd period - Wrist shot by Ondrej Palat.
6:10 of 3rd period - Stopped by Jakub Dobes without a rebound.
6:11 of 3rd period - Adam Henrique wins face-off versus Ryan Donato in San Jose Sharks zone.
6:11 of 3rd period - Adam Henrique is hit by Tyler Seguin.
6:27 of 3rd period - Wrist shot by Ryan Donato.
6:27 of 3rd period - Stopped by Jakub Dobes with a rebound.
6:46 of 3rd period - Snap shot by Carter Verhaeghe.
6:46 of 3rd period - Stopped by Jacob Markstrom with a rebound.
7:10 of 3rd period - Ross Colton is hit by Andrew Copp and loses puck.
7:47 of 3rd period - Snap shot by Blake Lizotte.
7:47 of 3rd period - Stopped by Jacob Markstrom with a rebound.
7:49 of 3rd period - Snap shot by Robby Fabbri.
7:49 of 3rd period - Stopped by Jacob Markstrom without a rebound.
7:50 of 3rd period - Mason McTavish wins face-off versus Alexander Wennberg in Arizona Coyotes zone.
8:03 of 3rd period - Wrist shot by Kevin Fiala.
8:03 of 3rd period - Stopped by Jacob Markstrom with a rebound.
8:44 of 3rd period - Slapshot by Blake Lizotte.
8:44 of 3rd period - Shot Blocked by Brayden McNabb.
9:44 of 3rd period - Wrist shot by Ryan Donato.
9:44 of 3rd period - Stopped by Jakub Dobes without a rebound.
9:45 of 3rd period - Andrew Copp wins face-off versus Charlie Coyle in San Jose Sharks zone.
9:45 of 3rd period - Andrew Copp is hit by Johnathan Kovacevic.
10:13 of 3rd period - Snap shot by Andre Burakovsky.
10:13 of 3rd period - Stopped by Jacob Markstrom with a rebound.
10:56 of 3rd period - Slapshot by Robby Fabbri.
10:56 of 3rd period - Stopped by Jacob Markstrom with a rebound.
10:58 of 3rd period - Slapshot by Marcus Pettersson.
10:58 of 3rd period - Shot Misses the Net.
11:00 of 3rd period - Snap shot by Travis Boyd.
11:00 of 3rd period - Shot Misses the Net.
11:02 of 3rd period - Snap shot by Travis Boyd.
11:02 of 3rd period - Shot Misses the Net.
11:04 of 3rd period - Wrist shot by Blake Lizotte.
11:04 of 3rd period - Shot Misses the Net.
11:14 of 3rd period - Andrew Copp is hit by Ryan Donato and loses puck.
11:40 of 3rd period - Max Domi is hit by Mason McTavish and loses puck.
12:08 of 3rd period - Snap shot by Kevin Fiala.
12:08 of 3rd period - Stopped by Jacob Markstrom with a rebound.
12:14 of 3rd period - Minor Penalty to Tyler Bertuzzi for Hooking.
12:15 of 3rd period - Carter Verhaeghe wins face-off versus Charlie Coyle in Arizona Coyotes zone.
12:26 of 3rd period - Snap shot by Carter Verhaeghe.
12:26 of 3rd period - Deflect By Kevin Fiala.
12:26 of 3rd period - Shot Misses the Net.
12:26 of 3rd period - Puck is out of play.
12:27 of 3rd period - Charlie Coyle wins face-off versus Carter Verhaeghe in Arizona Coyotes zone.
12:58 of 3rd period - Slapshot by Josh Manson.
12:58 of 3rd period - Goal by Josh Manson - Arizona Coyotes : 2 - San Jose Sharks : 3.
12:59 of 3rd period - Charlie Coyle wins face-off versus Adam Henrique in neutral zone.
13:06 of 3rd period - Snap shot by Max Domi.
13:06 of 3rd period - Shot Misses the Net.
13:47 of 3rd period - Minor Penalty to Connor Murphy for Holding.
13:48 of 3rd period - Charlie Coyle wins face-off versus Alexander Wennberg in San Jose Sharks zone.
13:57 of 3rd period - Wrist shot by Tyler Seguin.
13:57 of 3rd period - Stopped by Jakub Dobes with a rebound.
15:20 of 3rd period - Marcus Pettersson is hit by Brayden McNabb.
15:30 of 3rd period - Josh Manson is hit by Jared Spurgeon.
15:34 of 3rd period - Tyler Seguin is hit by Alexander Wennberg and loses puck.
15:47 of 3rd period - Penalty to Connor Murphy is over, Connor Murphy is back on ice.
16:00 of 3rd period - Slapshot by Anthony Beauvillier.
16:00 of 3rd period - Stopped by Jacob Markstrom with a rebound.
16:02 of 3rd period - Snap shot by Mattias Samuelsson.
16:02 of 3rd period - Shot Hit the Post.
16:04 of 3rd period - Slapshot by Nicolas Hague.
16:04 of 3rd period - Stopped by Jacob Markstrom with a rebound.
16:06 of 3rd period - Snap shot by Blake Lizotte.
16:06 of 3rd period - Goal by Blake Lizotte - Arizona Coyotes : 2 - San Jose Sharks : 4.
16:07 of 3rd period - Erik Haula wins face-off versus Andrew Copp in neutral zone.
16:32 of 3rd period - Johnathan Kovacevic is hit by Robby Fabbri and loses puck.
16:43 of 3rd period - Snap shot by Blake Lizotte.
16:43 of 3rd period - Stopped by Jacob Markstrom without a rebound.
16:44 of 3rd period - Andrew Copp wins face-off versus Erik Haula in Arizona Coyotes zone.
16:45 of 3rd period - Snap shot by Ilya Mikheyev.
16:45 of 3rd period - Shot Misses the Net.
17:05 of 3rd period - Minor Penalty to Andrew Copp for Roughing.
17:06 of 3rd period - Charlie Coyle wins face-off versus Alexander Wennberg in San Jose Sharks zone.
19:05 of 3rd period - Penalty to Andrew Copp is over, Andrew Copp is back on ice.
19:17 of 3rd period - Slapshot by Tyler Bertuzzi.
19:17 of 3rd period - Stopped by Jakub Dobes with a rebound.
19:19 of 3rd period - Snap shot by Jani Hakanpaa.
19:19 of 3rd period - Shot Misses the Net.
19:36 of 3rd period - Wrist shot by Kevin Fiala.
19:36 of 3rd period - Stopped by Jacob Markstrom with a rebound.
Goals for this period are 0 for Arizona Coyotes vs 2 for San Jose Sharks.
Shots for this period are 9 for Arizona Coyotes vs 14 for San Jose Sharks.
Back to the Top